Map: Taito Citadel LE

Players

PrinceAbubu

  • Race: Zerg Zerg
  • League: Diamond
  • Spawn Location: 5:00

Avenger - Winner!

  • Race: Terran Terran
  • League: Diamond
  • Spawn Location: 11:00

VOD

Have the link to the VOD?

Description

Time

  • Played on: Dec. 2, 2025, 7:10 p.m.
  • Length: 15:29
Show
View Real Time Build Order
Export as new Build Order

PrinceAbubu Zerg 

Build Orders: Hatch First, Brood Lord Corruptor 

Get SALT Encoding   

  12  0:00  Drone  
  13  0:07  Drone  
  14  0:14  Extractor  
  14  0:15  Drone  
  15  0:21  Overlord  
  15  0:44  Drone  
  15  0:46  Hatchery  
  15  0:49  Drone  
  16  0:51  Drone  
  17  0:58  Drone  
  18  1:06  Extractor  
  17  1:11  Spawning Pool  
  17  1:14  Drone  
  17  1:18  Drone  
  18  1:28  Drone  
  19  1:39  Drone  
  20  1:49  Drone  
  21  1:58  Queen  
  21  1:59  Queen  
  21  2:00  Zergling x4  
  27  2:10  Drone  
  27  2:11  Overlord  
  27  2:12  Metabolic Boost  
  28  2:26  Overlord  
  28  2:31  Drone  
  28  2:32  Drone  
  28  2:34  Queen  
  32  2:50  Drone  
  32  2:51  Drone, Hatchery  
  34  2:52  Drone  
  34  2:58  Drone  
  34  2:59  Drone  
  36  3:10  Queen  
  38  3:17  Drone  
  38  3:18  Drone x2  
  38  3:19  Drone  
  44  3:20  Drone x2  
  44  3:21  Overlord  
  44  3:35  Overlord  
  44  3:42  Queen  
  44  3:46  Queen  
  48  3:49  Overlord  
  48  3:50  Drone x4  
  52  3:59  Drone x6  
  58  4:05  Zergling x4  
  60  4:13  Zergling x2  
  57  4:28  Zergling x8  
  57  4:29  Zergling x10  
  66  4:33  Queen  
  66  4:34  Queen  
  70  4:39  Lair  
  70  4:41  Extractor  
  67  5:00  Drone x6  
  67  5:02  Overlord x2  
  67  5:03  Overlord  
  73  5:14  Extractor  
  73  5:20  Hatchery  
  71  5:26  Drone x2, Extractor  
  71  5:27  Drone x2  
  71  5:28  Drone  
  75  5:30  Drone x2  
  75  5:34  Roach Warren  
  76  5:38  Drone x4  
  80  5:45  Evolution Chamber  
  79  5:56  Drone  
  79  5:57  Drone  
  81  6:02  Spine Crawler  
  81  6:03  Spine Crawler  
  79  6:05  Spine Crawler  
  79  6:07  Extractor x2  
  76  6:15  Spine Crawler  
  76  6:18  Infestation Pit, Zergling x28  
  88  6:26  Zerg Melee Weapons Level 1  
  88  6:28  Overlord x2  
  69  6:49  Roach x2  
  69  6:50  Roach x9  
  84  6:54  Drone  
  84  6:57  Queen  
  85  7:07  Drone x2  
  88  7:08  Drone x3  
  90  7:16  Roach x3  
  90  7:18  Overlord x2  
  90  7:19  Glial Reconstitution  
  96  7:22  Hive  
  96  7:26  Spire  
  95  7:44  Drone x3  
  95  7:45  Drone x9  
  107  7:52  Overlord x3  
  107  7:55  Roach x2  
  111  8:00  Drone  
  111  8:01  Evolution Chamber  
  111  8:04  Drone  
  110  8:17  Roach x8  
  110  8:18  Roach x3  
  122  8:36  Zergling x16  
  130  8:49  Zerg Missile Weapons Level 1  
  130  8:50  Zerg Melee Weapons Level 2  
  130  8:52  Greater Spire  
  130  8:59  Hatchery  
  123  9:11  Zergling x18  
  118  9:37  Zergling x20  
  125  9:55  Hatchery  
  122  10:00  Corruptor x4  
  122  10:06  Overlord x4  
  122  10:07  Overlord  
  127  10:28  Drone x2  
  129  10:29  Drone  
  130  10:41  Corruptor x2  
  130  10:42  Corruptor x4  
  138  10:43  Corruptor  
  138  10:44  Extractor x2  
  138  10:48  Spine Crawler  
  138  10:49  Spine Crawler  
  140  10:50  Spine Crawler  
  140  10:51  Spine Crawler  
  140  10:55  Brood Lord  
  140  10:56  Brood Lord x3  
  146  11:01  Baneling Nest, Adrenal Glands  
  145  11:05  Zergling x18  
  144  11:20  Brood Lord  
  144  11:21  Brood Lord x3  
  143  11:32  Zergling x16  
  124  11:48  Drone x3  
  124  11:49  Drone x3  
  124  11:50  Drone  
  124  11:51  Drone x3  
  134  11:55  Spine Crawler  
  134  11:57  Spine Crawler  
  134  11:59  Spine Crawler  
  131  12:19  Brood Lord x3  
  131  12:22  Overseer  
  137  12:23  Overseer x3  
  137  12:26  Zerg Melee Weapons Level 3  
  137  12:28  Centrifugal Hooks  
  137  12:32  Drone x6  
  117  12:59  Drone x4  
  117  13:00  Drone x8  
  117  13:01  Drone  
  128  13:08  Zergling x18  
  135  13:18  Zergling x14  
  142  13:32  Zergling x2  
  142  13:33  Zergling x16  
  151  13:40  Zergling x2  
  152  13:42  Overlord x5  
  152  13:56  Baneling x18  
  152  14:01  Viper x4  
  152  14:25  Zergling x34  
  159  14:41  Corruptor x2  
Show
View Real Time Build Order
Export as new Build Order

Avenger Terran - Winner!

Build Orders: 2 Factory, Command Center First 

Get SALT Encoding   

  12  0:00  SCV  
  13  0:12  SCV  
  14  0:17  Supply Depot  
  14  0:24  SCV  
  15  0:39  SCV  
  16  0:51  SCV  
  17  1:02  Command Center  
  17  1:13  Barracks  
  17  1:17  SCV  
  18  1:22  Refinery  
  18  1:29  SCV  
  19  1:33  Refinery  
  19  1:41  SCV  
  20  1:53  SCV  
  21  2:02  Marine  
  21  2:05  SCV  
  23  2:11  Factory  
  23  2:14  Orbital Command  
  23  2:22  Barracks Reactor  
  23  2:29  Orbital Command  
  23  2:41  SCV  
  23  2:42  Supply Depot  
  24  2:53  SCV  
  24  2:57  SCV  
  26  3:05  SCV  
  27  3:07  Hellion  
  27  3:08  Factory, Hellion  
  31  3:18  SCV x2  
  33  3:20  Factory  
  33  3:28  Hellion  
  33  3:30  SCV, Hellion  
  33  3:31  SCV  
  39  3:43  SCV x2  
  39  3:46  Supply Depot  
  41  3:54  Factory Tech Lab  
  41  3:55  SCV x2  
  43  4:01  Hellion  
  45  4:04  Factory Tech Lab  
  45  4:07  SCV  
  45  4:08  SCV, Hellion  
  45  4:09  Supply Depot  
  49  4:27  SCV x2, Command Center  
  49  4:29  Mag-Field Accelerator  
  49  4:30  Cyclone  
  54  4:33  Cyclone  
  57  4:39  Supply Depot  
  57  4:43  SCV x2  
  59  4:47  Refinery  
  59  4:48  Hellion  
  61  4:59  Hellion  
  54  5:02  Hellion  
  54  5:03  Engineering Bay  
  54  5:04  SCV  
  54  5:05  SCV, Cyclone  
  61  5:12  Hellion  
  61  5:13  Infernal Pre-Igniter  
  63  5:16  SCV  
  63  5:21  Hellion  
  66  5:27  Supply Depot  
  66  5:28  SCV x2  
  67  5:32  Refinery  
  68  5:42  Command Center  
  68  5:55  Planetary Fortress  
  68  5:56  Supply Depot  
  68  6:01  SCV x2  
  70  6:05  Cyclone  
  70  6:06  Hellion  
  75  6:13  Hellion  
  75  6:14  Hellion  
  75  6:17  SCV x2  
  81  6:45  Hellion, Cyclone  
  81  6:46  Hellion, Cyclone  
  86  6:52  SCV x2  
  84  7:04  SCV  
  84  7:05  SCV  
  86  7:09  Hellion x2  
  86  7:12  Command Center  
  86  7:13  SCV  
  91  7:16  SCV  
  91  7:17  SCV  
  91  7:18  Cyclone  
  96  7:23  Factory  
  96  7:24  Factory  
  96  7:25  Factory  
  96  7:26  SCV  
  96  7:29  SCV  
  98  7:31  Cyclone  
  98  7:34  Missile Turret  
  98  7:35  Hi-Sec Auto Tracking, Missile Turret  
  101  7:43  Missile Turret  
  101  7:46  Missile Turret  
  101  7:48  Missile Turret  
  101  7:49  Missile Turret  
  101  7:53  SCV x3  
  104  8:01  Armory x2  
  102  8:23  Factory Tech Lab, Cyclone x2  
  102  8:24  Factory Tech Lab x2  
  106  8:36  SCV  
  106  8:37  SCV x2, Neosteel Armor  
  107  8:44  Planetary Fortress  
  107  8:49  SCV x3, Command Center  
  107  8:55  Cyclone x2  
  116  9:03  Refinery  
  116  9:07  Refinery  
  110  9:20  Cyclone x3  
  114  9:27  Cyclone  
  117  9:34  Cyclone  
  117  9:35  Terran Vehicle Weapons Level 1, Terran Vehicle And Ship Armor Level 1  
  120  9:39  Planetary Fortress  
  120  9:45  SCV x4  
  123  9:47  Hellion x2  
  123  9:52  Cyclone x2  
  129  9:53  Cyclone  
  129  9:57  SCV x2  
  129  9:59  SCV x2  
  121  10:09  SCV x2, Orbital Command  
  121  10:11  SCV x2  
  121  10:14  Missile Turret  
  125  10:17  Hellion x4  
  133  10:21  SCV x2  
  133  10:23  SCV x2  
  133  10:24  Factory  
  133  10:25  Hellion  
  139  10:29  Missile Turret  
  139  10:30  SCV  
  139  10:33  SCV x2  
  139  10:35  SCV  
  143  10:40  Refinery  
  143  10:41  Refinery  
  143  10:44  Missile Turret  
  143  10:45  Refinery x2  
  143  10:46  Missile Turret x2  
  143  10:48  SCV x3, Smart Servos  
  143  10:49  Factory  
  146  10:50  Factory  
  146  10:57  Supply Depot  
  146  10:58  Supply Depot  
  146  10:59  Supply Depot  
  146  11:13  SCV x2  
  146  11:17  Command Center  
  132  11:26  Cyclone x5  
  132  11:27  Hellion x2  
  133  11:53  Terran Vehicle Weapons Level 2  
  133  11:54  Terran Vehicle And Ship Armor Level 2  
  133  11:56  Hellion x2  
  133  11:57  Factory Tech Lab  
  133  11:58  Cyclone x2  
  133  11:59  SCV  
  133  12:00  SCV, Starport  
  145  12:03  Factory Tech Lab  
  145  12:07  Thor  
  151  12:09  Hellion x2  
  151  12:13  SCV x5  
  151  12:14  SCV  
  161  12:19  Supply Depot  
  161  12:20  Supply Depot  
  161  12:22  Command Center  
  161  12:25  Thor  
  161  12:28  Thor  
  173  12:30  Supply Depot  
  173  12:32  Supply Depot  
  154  12:52  Thor x3  
  168  13:00  Cyclone x2  
  168  13:01  Hellion x2  
  178  13:08  Cyclone  
  178  13:10  Starport Reactor  
  178  13:11  Hellion  
  183  13:17  Planetary Fortress, Missile Turret  
  183  13:22  Hellion x2  
  187  13:32  Hellion, Thor  
  187  13:33  Hellion  
  197  13:35  Orbital Command  
  197  13:38  Command Center  
  197  13:48  Missile Turret  
  197  13:50  Refinery  
  197  13:51  Refinery  
  197  14:07  Factory Tech Lab  
  197  14:14  Command Center  
  181  14:37  Command Center  
  175  14:40  Cyclone x6  
  175  14:41  Hellion x2  
Tags
 
Add a new tag
Caveats
  • Supply blocks, unpowered buildings, or Contaminate may cause inaccurate times.
  • Supply counts are checked every 10 seconds.